 Dungeon Crawl Stone Soup version 0.28.0 (webtiles) character file.

Game seed: 18404221150276945236

200 bande the Covered (level 5, -2/33 HPs)
             Began as a Gargoyle Fighter on Feb 13, 2022.
             Slain by a black bear (5 damage)
             ... on level 3 of the Dungeon.
             The game lasted 00:05:28 (3604 turns).

bande the Covered (Gargoyle Fighter)                Turns: 3604, Time: 00:05:28

Health: -2/33      AC: 19    Str: 20    XL:     5   Next: 78%
Magic:  4/4        EV:  5    Int:  8    God:
Gold:   125        SH:  5    Dex: 11    Spells: 4/4 levels left

rFire   . . .      SeeInvis .   g - +0 hand axe (flame)
rCold   . . .      Faith    .   c - +1 buckler
rNeg    + . .      Spirit   .   h - +0 plate armour
rPois   ∞          Reflect  .   i - +2 hat {Will+}
rElec   +          Harm     .   (no cloak)
rCorr   .          Rampage  .   (no gloves)
Will    +....                   (no boots)
Stlth   ..........              (no amulet)
HPRegen 0.11/turn               e - ring of flight
MPRegen 0.09/turn               (no ring)

@: flying
A: sickness immunity, AC +4, negative energy resistance 1, electricity
resistance, torment resistance 1, petrification resistance, big wings, horns 1,
iridescent scales 1, low MP 1
a: no special abilities


You were on level 3 of the Dungeon.
You visited 1 branch of the dungeon, and saw 4 of its levels.

You collected 125 gold pieces.

Inventory:

Hand Weapons
 a - a +1 war axe of freezing
 g - a +0 hand axe of flaming (weapon)
Armour
 c - a +1 buckler (worn)
 h - a +0 plate armour (worn)
 i - a +2 hat of willpower (worn)
Jewellery
 e - a ring of flight (left hand)
Potions
 d - a potion of might


   Skills:
 + Level 4.0 Fighting
 + Level 3.6 Axes
 + Level 4.3 Armour
 + Level 0.1 Stealth
 + Level 4.2 Shields


You had 4 spell levels left.
You didn't know any spells.
Your spell library was empty.

Dungeon Overview and Level Annotations

Branches:
Dungeon (4/15)
 Temple: D:4-7

Altars:
Wu Jian

Shops:
D:3 *


Innate Abilities, Weirdness & Mutations

You are immune to sickness and miasma.
Your stone body is resilient. (AC +4)
You are immune to poison.
You resist negative energy. (rN+)
You are resistant to electric shocks. (rElec)
You are resistant to unholy torment.
You are immune to petrification.
Your large and strong wings let you fly.
You have a pair of small horns on your head.
You are partially covered in iridescent scales. (AC +2)
Your magical capacity is low. (-10% MP)


Message History

The black bear is heavily wounded.
The black bear bites you.
* * * LOW HITPOINT WARNING * * *
The black bear claws you but does no damage. x2
You hit the black bear. You burn the black bear.
The black bear is heavily wounded.
The black bear bites you.
* * * LOW HITPOINT WARNING * * *
The black bear claws you.
* * * LOW HITPOINT WARNING * * *
You block the black bear's attack.
It was a potion of mutation.
You feel extremely strange.
You feel less energetic. A pair of horns grows on your head!
Iridescent scales grow over part of your body.
Your wings grow larger and stronger.
You block the black bear's attack. The black bear closely misses you.
The black bear claws you but does no damage.
You hit the black bear but do no damage.
The black bear is heavily wounded.
You block the black bear's attack.
The black bear claws you but does no damage. x2
You hit the black bear. You burn the black bear.
The black bear is heavily wounded.
The black bear bites you but does no damage.
The black bear completely misses you.
The black bear claws you but does no damage.
You closely miss the black bear. You headbutt the black bear.
The black bear is severely wounded.
You block the black bear's attack.
The black bear claws you but does no damage.
The black bear barely misses you.
You slash the black bear! You burn the black bear.
The black bear is almost dead.
The black bear goes berserk!
You hit the black bear but do no damage.
The black bear is almost dead.
The black bear bites you but does no damage.
The black bear claws you but does no damage. x2
The black bear bites you.
You die...

...≈≈##..........#
.≈##≈≈###.......##
.#≈≈#≈≈≈≈.......#########
##≈≈≈≈≈≈##......#.......#
≈≈#≈≈≈#≈≈#......#.......#
#≈≈≈≈≈≈≈≈#......#.....>.#
##≈#≈≈#≈≈#......#.......#
.#≈≈≈≈≈≈#.......#.......#
.#≈#≈≈###.......@.......#
...##≈#.....##...h......#
........................#
.................########
...................##
....................#
..........####.####.#
...........#...# #.##
.............######..##########


You could see a black bear (berserk).

Vanquished Creatures
  Ijyb (D:3)
  An orc wizard (D:3)
  A howler monkey skeleton (D:3)
  An adder (D:3)
  3 worms
  4 dart slugs
  9 orcs (D:3)
  6 ball pythons
  8 endoplasms
  11 giant cockroaches
  6 goblins
  9 hobgoblins
  4 jackals (D:1)
  6 kobolds
  2 quokkas
  5 bats
  4 frilled lizards
  6 rats
87 creatures vanquished.

Vanquished Creatures (collateral kills)
  An adder (D:3)
1 creature vanquished.

Grand Total: 88 creatures vanquished

Notes
Turn   | Place    | Note
-------+----------+-------------------------------------------
     0 | D:1      | bande the Gargoyle Fighter began the quest for the Orb.
     0 | D:1      | Reached XP level 1. HP: 14/14 MP: 1/1
   191 | D:1      | Reached XP level 2. HP: 19/19 MP: 2/2
   292 | D:1      | Reached XP level 3. HP: 4/23 MP: 3/3
   822 | D:1      | Found a faded altar of an unknown god.
  1867 | D:2      | Reached XP level 4. HP: 29/29 MP: 4/4
  2216 | D:3      | Noticed Ijyb
  2260 | D:3      | Killed Ijyb
  2639 | D:3      | Reached XP level 5. HP: 21/33 MP: 5/5
  3165 | D:3      | Found Soungipp's Assorted Antiques.
  3476 | D:3      | Found an ornate altar of the Wu Jian Council.
  3574 | D:4      | Noticed a black bear
  3599 | D:3      | Gained mutation: Your magical capacity is low. (-10% MP)
                  | [potion of mutation]
  3599 | D:3      | Gained mutation: You have a pair of small horns on your
                  | head. [potion of mutation]
  3599 | D:3      | Gained mutation: You are partially covered in iridescent
                  | scales. (AC +2) [potion of mutation]
  3599 | D:3      | Gained mutation: Your large and strong wings let you fly.
                  | [potion of mutation]
  3604 | D:3      | Slain by a black bear

Illustrated notes

Levels and vault maps discovered:
D:1:      ncdulo_halloftheorcs, layout_basic, hellmonk_ecumenical_altar_zigzags,
          corexii_leaking_fountain
D:2:      layout_basic
D:3:      minmay_roachtagon, layout_rooms, lemuel_doored_altar, serial_shops,
          shop, portal_sewer_entry_d, grunt_decor_junction, minivault_4,
          roderic_lattice_a, minmay_mini_jars, uniq_ijyb
D:4:      layout_cave_pools, uniq_sigmund

Skill      XL: |  1  2  3  4 |
---------------+-------------+-----
Axes           | 2 3 |  3.6
Armour         | 4 |  4.3
Shields        | 4 |  4.2
Fighting       | 4 |  4.0
Stealth        | |  0.1

Action                   |  1- 3 |  4- 6 || total
-------------------------+-------+-------++-------
Melee: War axe           |    40 |       ||    40
       Hand axe          |    51 |   164 ||   215
       Headbutt          |       |     1 ||     1
  Use: Scroll            |       |     9 ||     9
       Potion            |       |     2 ||     2
Armor: Scale mail        |    33 |       ||    33
       Plate armour      |    27 |   129 ||   156
Dodge: Dodged            |    49 |    29 ||    78
Block: Buckler           |    25 |    52 ||    77
